AoeStats
← Simon Stokvis

African Clearing

506676569Analyzed
4v4 RM · 17d ago on Sep 14, 2026· 42m 9s· 8 players
Game mode
Random Map
Map size
Large (8 player)
Population
200
Speed
Normal
Resources
Standard
Victory
Conquest
Starting age
Dark Age
Ending age
Imperial Age
RankedLock teamsTeams togetherTeam positionsShared explorationLock speedFull tech treeHidden civsTurbo modeCheats
Victory
Defeat
🇨🇳 Spanish · China
1642
+12
🇨🇳 Vietnamese · China
1489
+18
🇨🇳 Persians · China
1442
+20
🇨🇳 Mongols · China
1435
+20
🇨🇦 Huns · Canada
1538
-18
🇳🇱 Magyars · Netherlands
1537
-18
🇩🇴 Jurchens · Dominican Republic
1525
-17
🇧🇷 Mongols · Brazil
1521
-17
给你一棒槌
11:40 Loom
14:06 Feudal Age
18:23 Double-Bit Axe
19:21 Fletching
22:30 Wheelbarrow
28:23 Horse Collar
34:09 Castle Age
33:17 Gold Mining
33:19 Stone Mining
35:14 Bow Saw
35:05 Heavy Plow
35:49 Scale Mail Armor
36:54 Chain Mail Armor
38:43 Hand Cart
38:41 Forging
40:18 Squires
40:03 Arson
40:59 Iron Casting
小弱鸡
8:56 Loom
13:24 Feudal Age
17:27 Castle Age
15:15 Double-Bit Axe
16:27 Town Watch
19:00 Fletching
19:24 Bow Saw
24:10 Bodkin Arrow
27:20 Horse Collar
35:15 Imperial Age
33:49 Wheelbarrow
33:42 Scale Barding Armor
34:03 Heavy Plow
34:51 Chain Barding Armor
35:08 Forging
36:21 Conscription
36:47 Husbandry
37:14 Bloodlines
37:47 Bracer
38:53 Iron Casting
38:37 Elite Steppe Lancer
40:49 Blast Furnace
40:49 Capped Ram
42:27 Ballistics
yuyuyuyuyu
10:47 Loom
13:16 Feudal Age
14:03 Double-Bit Axe
16:44 Castle Age
15:17 Stone Mining
19:32 Wheelbarrow
24:58 Padded Archer Armor
27:34 Leather Archer Armor
28:56 Town Watch
32:06 Bow Saw
32:13 Gold Mining
34:47 Horse Collar
36:25 Fletching
38:11 Husbandry
38:22 Bloodlines
40:21 Heavy Plow
42:31 Hand Cart
晚辞
3:57 Loom
11:17 Feudal Age
11:46 Double-Bit Axe
18:46 Scale Barding Armor
20:27 Forging
20:37 Bloodlines
30:16 Castle Age
30:04 Light Cavalry
30:44 Husbandry
39:08 Horse Collar
RD | Telematico
8:25 Loom
11:46 Feudal Age
12:56 Double-Bit Axe
23:11 Castle Age
21:09 Gold Mining
21:09 Stone Mining
21:37 Stone Mining
22:51 Horse Collar
24:08 Bloodlines
34:58 Wheelbarrow
36:49 Bow Saw
36:41 Heavy Plow
42:11 Imperial Age
40:42 Light Cavalry
41:22 Husbandry
Fs.7mendes
5:38 Loom
11:38 Feudal Age
13:35 Forging
13:20 Double-Bit Axe
28:23 Castle Age
38:48 Fletching
41:51 Bodkin Arrow
42:31 Ballistics
championqc82
2:44 Loom
11:59 Feudal Age
13:46 Double-Bit Axe
16:03 Fletching
18:33 Gold Mining
19:32 Padded Archer Armor
21:15 Town Watch
22:05 Wheelbarrow
22:11 Stone Mining
27:48 Castle Age
27:58 Crossbowman
28:45 Thumb Ring
28:36 Bodkin Arrow
36:18 Ballistics
36:22 Leather Archer Armor
Simon Stokvis
3:11 Loom
7:56 Loom
13:58 Feudal Age
20:09 Castle Age
30:52 Double-Bit Axe
31:57 Pikeman
Connection lost

Rejoining the realm…

Still unreachable

The connection could not be restored.

Session expired

The server has moved on; the page needs a fresh start.